[Event "European Women-ch 2023"]
[Site "Petrovac"]
[Date "2023.03.21"]
[Round "4.22"]
[White "Gamal, Alaa"]
[Black "Mashchenko, Tamila"]
[Result "0-1"]
[ECO "E94"]
[WhiteElo "1748"]
[BlackElo "1956"]
[Annotator "TA"]
[PlyCount "88"]
[EventDate "2023.03.15"]
[EventType "swiss"]
[EventCountry "MNE"]
[SourceTitle "playchess.com"]
[Source "ChessBase"]
[SourceQuality "1"]
[TimeControl "40/5400+30:1800+30"]

1. d4 Nf6 2. Nf3 g6 3. c4 Bg7 4. Nc3 O-O 5. e4 d6 6. Be2 Nbd7 7. O-O e5 8. d5 Nc5 9. Qc2 a5 10. Bg5 h6 11. Be3 b6 12. Nd2 Bg4 13. Rae1 {[%emt 0:02:08] E94: King's Indian: Classical: 6 Be2 e5 7 0-0: Various Black 7th moves.} Bxe2 14. Rxe2 {[%emt 0:00:31] [#]} Nh5 $146 ({Predecessor:} 14... Ng4 15. Bxc5 bxc5 16. Nb5 h5 17. Nf3 f5 18. h3 Nh6 19. exf5 Nxf5 20. Qe4 g5 {0-1 Zanan,E (2434)-Bakalchuk,J (2389) ISR-ch Tiberias 2016 (9)}) 15. g3 {[%emt 0:00:48] White is slightly better.} Qd7 16. Kg2 (16. f3 $14 {might be stronger.}) 16... Kh8 (16... Nf4+ $5 17. Bxf4 (17. gxf4 exf4 18. Bxf4 Bxc3 $11) 17... exf4 $11) 17. f3 Rg8 18. b3 f5 19. a3 Bf6 20. b4 (20. Bxh6 g5 $15) 20... axb4 21. axb4 Na6 ({Not} 21... f4 22. bxc5 fxe3 23. c6 $16 (23. Rxe3 bxc5 24. Ree1 Rgb8 $14)) 22. Rb1 (22. Qb2 {with more complications.} f4 23. Bf2 Be7 24. g4) 22... g5 $2 {[%emt 0:09:35] [#]} (22... f4 $14) 23. exf5 $18 Nf4+ 24. Bxf4 ({Weaker is} 24. gxf4 gxf4+ 25. Kh1 fxe3 $11) 24... gxf4 25. g4 h5 26. h3 Bh4 27. Kf1 Qh7 28. Kg2 $2 (28. Kg1 $18) 28... Raf8 (28... Qd7 $1 $11) 29. Nde4 Qxf5 30. Nf2 (30. Kg1 $16) 30... Qf7 $14 31. Nce4 Rg7 (31... Qe7 $14) 32. Qa4 Nb8 {[%emt 0:00:20][%cal Ba6b8,Bb8d7,Bd7f6][%mdl 32] Black is weak on the light squares} 33. Rh1 (33. c5 {seems wilder.} Bxf2 34. Kxf2 dxc5 35. bxc5 bxc5 36. Rd1) 33... Nd7 34. Qc6 {[%emt 0:03:25] [#]} (34. Nd1 $1 $11 {was the only way to keep the balance.}) 34... Bxf2 $1 $17 35. Kxf2 ({White should play} 35. Nxf2 Nf6 36. Qa4) 35... Nf6 {[%emt 0:00:25] Strongly threatening ...Nxe4+.} 36. Ke1 $2 (36. Nd2 {is tougher.}) 36... Nxe4 $19 37. Rxe4 Qf6 {[%emt 0:00:14] ...Qh4+ is the strong threat.} 38. Re2 $2 (38. Kd1 Qh4 39. Ree1) 38... Qh4+ 39. Kf1 hxg4 40. fxg4 f3 {[%emt 0:01:39][%cal Bf4f3,Bf3f2][%mdl 32] Black mates.} 41. Re4 Qg3 42. Rg1 Qxh3+ 43. Kf2 Qh2+ 44. Kf1 f2 {[%emt 0:00:20] Never resign too early!   Weighted Error Value: White=0.85/Black=0.26 (precise)} 0-1

[Event "European Women-ch 2023"]
[Site "Petrovac"]
[Date "2023.03.21"]
[Round "4.23"]
[White "Antolak, Julia"]
[Black "Koridze, Lile"]
[Result "0-1"]
[ECO "B50"]
[WhiteElo "2276"]
[BlackElo "2122"]
[Annotator "TA"]
[PlyCount "62"]
[EventDate "2023.03.15"]
[EventType "swiss"]
[EventCountry "MNE"]
[SourceTitle "playchess.com"]
[Source "ChessBase"]
[SourceQuality "1"]
[TimeControl "40/5400+30:1800+30"]

1. e4 c5 2. Nf3 d6 3. c3 Nf6 4. Be2 g6 5. O-O Bg7 6. Bb5+ Bd7 7. Bxd7+ Qxd7 8. Re1 O-O $1 {[%emt 0:01:58] 8...0-0 scores better than 8...Nc6.} 9. d4 {[%emt 0:01:07] B50: Sicilian: 2...d6, Miscellaneous.} cxd4 10. cxd4 e6 11. Nc3 {[%emt 0:01:03] The position is equal.} Nc6 12. b3 Rac8 13. Bb2 (13. Ba3 {is interesting.} Rfe8 14. Nb5 Nb4 15. Nxa7 Nc2 16. Nxc8 Rxc8 17. e5) 13... Rfd8 {[%emt 0:01:37] [#]} 14. h3 $146 ({Predecessor:} 14. d5 Ne7 15. dxe6 fxe6 16. e5 Nfd5 17. Ne4 dxe5 18. Nxe5 Qc7 19. Qg4 Nf5 20. Rac1 Qb8 21. Nc4 Bxb2 22. Nxb2 Nc3 23. Ng5 Ne2+ 24. Kf1 Nf4 25. Qf3 {1-0 Mkrtchyan,M-Nguyen Tan Hoang,N (1748) Wch U10 Kemer 2009 (1)}) 14... a6 15. Na4 {[%emt 0:13:33] Threatens to win with d5.} Qc7 16. d5 exd5 (16... Ne5 17. Rc1 Nxf3+ 18. Qxf3 $14) 17. exd5 Nb4 18. Rc1 Qa5 19. Bxf6 Bxf6 20. Qd2 {[%emt 0:00:16] And now a3 would win.} Qb5 21. Rxc8 (21. Nc3 $1 $11 {was the only way to keep the balance.} Bxc3 22. Rxc3 Rxc3 23. Qxc3) 21... Rxc8 $17 22. Rd1 (22. Re4 $17 {might work better.} Nxd5 23. Re1) 22... Rc2 $19 23. Qf4 (23. Qe3) 23... Qe2 {[%emt 0:00:24][%mdl 64] [#] Deflection} (23... Nxd5 24. Qe4 (24. Rxd5 Qxd5 25. Qxf6 Qd1+ {[%mdl 64] Deflection} 26. Kh2 Rxf2 $17) 24... Qc6 25. Rxd5 $15 (25. Qxd5 Rc1 $17)) 24. Rf1 Nxd5 {[%emt 0:00:16] Black is clearly winning.} 25. Qg3 {[%emt 0:02:38] White is weak on the dark squares} b5 {[%emt 0:07:29][%mdl 64] Trapped Piece} 26. Re1 Nf4 {[%emt 0:01:04][%cal Ob5a4][%mdl 64] Deflection} 27. Nb6 {[%emt 0:03:09] [#]} (27. Kh1 $142 Qxf2 28. Qxf2 Rxf2 29. Nb6) 27... Bd4 $1 {[%emt 0:00:53][%cal Bf6d4,Bd4f2,Bf2g3][%mdl 608] Double Attack} 28. Kh1 (28. Rxe2 Nxe2+) 28... Qxf2 ({Stronger than} 28... Bxb6 29. Rxe2 (29. Qxf4 $2 {loses.} Qxf2 30. Rg1 Qe2 $19) 29... Nxe2 30. Qh4 $11 (30. Qxd6 $2 {perishes.} Rc1+ $19)) 29. Re8+ Kg7 {[%emt 0:00:05] ( -> ...Qf1+)} 30. Qxf2 Bxf2 31. Nd7 Bg3 {[%emt 0:00:36] Ingenious play by Koridze!   Weighted Error Value: White=1.04/Black=0.22 (precise)} 0-1

[Event "European Women-ch 2023"]
[Site "Petrovac"]
[Date "2023.03.21"]
[Round "4.23"]
[White "Silva, Mariana Sofia T."]
[Black "Huseynova, Lala"]
[Result "0-1"]
[ECO "E11"]
[WhiteElo "1920"]
[BlackElo "1694"]
[Annotator "TA"]
[PlyCount "102"]
[EventDate "2023.03.15"]
[EventType "swiss"]
[EventCountry "MNE"]
[SourceTitle "playchess.com"]
[Source "ChessBase"]
[SourceQuality "1"]
[TimeControl "40/5400+30:1800+30"]

1. d4 d5 2. c4 e6 3. Nf3 Nf6 4. g3 Bb4+ 5. Bd2 Be7 6. Bg2 c6 7. O-O {[%emt 0:00:19] E11: Bogo-Indian.} b6 {[%emt 0:01:31] 7...Nbd7 is a critical line.} 8. Qc2 {[%emt 0:04:33] 8.Bf4 is not played anymore.} Bb7 9. cxd5 {[%emt 0:03:06] The position is equal.} cxd5 10. Ne5 O-O 11. Rc1 Bd6 12. Bf4 {[%emt 0:08:42] [#]} Nh5 $146 ({Predecessor:} 12... Qe7 13. Nc3 Rc8 14. Qa4 a6 15. Qb3 Nbd7 16. Na4 b5 17. Nd3 Bxf4 18. gxf4 Ne4 {½-½ Tatarinov,D (2190)-Perelygin,M (1920) Izhevsk Corporation Cup 5th 2013 (2)}) 13. Be3 Qe7 14. Qa4 (14. Nc3 {is interesting.} Nd7 15. f4 Rfc8 16. Qb3) 14... Nf6 15. Nd2 Rd8 16. Ndf3 Nfd7 17. Nd3 Na6 18. Bf4 f6 19. a3 (19. Bxd6 $14 Qxd6 20. Bh3) 19... e5 $11 20. dxe5 fxe5 21. Bg5 Nf6 {[%emt 0:00:18] [#] ...e4 is the strong threat.} 22. Nh4 $1 {[%emt 0:02:52] Nf5 would be deadly.} e4 23. Nf5 Qf7 24. Nf4 (24. Nxd6 $11 Rxd6 25. Bf4 (25. Ne5 Qe6 $15)) 24... Nc5 25. Qd1 Be5 26. Rab1 {[%emt 0:00:32] [#]} ({White should play} 26. Bh3 $15) 26... a5 $2 (26... d4 $1 $17) 27. b4 $1 $36 {[%emt 0:01:23][%mdl 2048] Black is under pressure.} axb4 28. axb4 Na4 29. Nd4 h6 $1 30. Bxf6 Qxf6 31. e3 Bxd4 (31... g5 $1 $14 32. Nfe6 Rdc8) 32. exd4 ({White should try} 32. Qxd4 $16 Qxd4 33. exd4) 32... g5 $1 33. Nh5 Qf7 34. b5 (34. f4 $5 ) 34... Rf8 35. Qe2 (35. Rc2 $5) 35... Rac8 {[%emt 0:01:10][%cal Ba8c8,Bc8c3,Bc3f3][%mdl 32] Strongly threatening ...Nc3.} 36. Bh3 $2 {[%emt 0:00:40][%mdl 8192] Black keeps a firm grip on the game.} (36. Ra1 $11 {and White is okay.}) 36... Nc3 $19 37. Rxc3 Rxc3 38. Bg4 Bc8 39. Bxc8 Rfxc8 40. Rb2 {[%emt 0:00:00] Against Rc2} Rf3 41. g4 Qe6 42. h3 Rcf8 {[%emt 0:02:29] Hoping for ...e3.} 43. Kg2 e3 44. Qxf3 Rxf3 45. Kxf3 {[%emt 0:00:05][%mdl 4096] Endgame KQ-KRN} Qe4+ 46. Kg3 Qxd4 47. Ra2 Qe5+ 48. Kg2 e2 49. Ra8+ Kf7 {[%emt 0:00:35] Black mates.} 50. Ra7+ Kf8 51. Ra8+ Ke7 {[%emt 0:00:13] Weighted Error Value: White=0.89/Black=0.29 (precise)} 0-1

[Event "European Women-ch 2023"]
[Site "Petrovac"]
[Date "2023.03.21"]
[Round "4.24"]
[White "Sandu, Mihaela"]
[Black "Makropoulou, Marina"]
[Result "1-0"]
[ECO "C87"]
[WhiteElo "2211"]
[BlackElo "2102"]
[Annotator "TA"]
[PlyCount "75"]
[EventDate "2023.03.15"]
[EventType "swiss"]
[EventCountry "MNE"]
[SourceTitle "playchess.com"]
[Source "ChessBase"]
[SourceQuality "1"]
[TimeControl "40/5400+30:1800+30"]

1. e4 e5 2. Nf3 Nc6 3. Bb5 a6 4. Ba4 Nf6 5. O-O Be7 6. Re1 d6 7. c3 Bg4 8. d3 Nd7 9. Nbd2 {[%emt 0:04:30] C87: Closed Ruy Lopez: Steinitz-type lines after 6 Re1 d6.} Nc5 10. Bc2 Ne6 11. Nf1 {[%emt 0:02:59] White has an edge. is the legacy move (11.h3).} Bg5 12. h3 Bxc1 13. Rxc1 {[%emt 0:02:37] [#]} Bxf3 $146 ({Predecessor:} 13... Bh5 14. Ng3 Bg6 15. d4 Nf4 16. Ba4 Qf6 17. Nh2 O-O 18. d5 Ne7 19. c4 Qg5 {0-1 Ashwin,J (2413)-Filippov,A (2584) Asian Continental op 08th 2009 (4)}) 14. Qxf3 Qg5 15. g3 Qh6 16. Kg2 Ng5 17. Qg4 Qf6 18. f4 Ne6 19. f5 h5 20. Qd1 Nf8 21. Ne3 Ne7 22. Ba4+ c6 {[%emt 0:02:02] Black is weak on the light squares} 23. d4 g6 {[%emt 0:03:52] [#]} (23... h4 $14) 24. Nd5 $1 $16 Nxd5 25. exd5 {[%emt 0:00:04][%cal Be4d5,Bd5c6][%mdl 32] aiming for dxe5.} b5 (25... Qxf5 $2 26. dxc6 b5 27. Bc2) 26. Bc2 {[%emt 0:02:31][%cal Ba4c2,Bc2f5,Bf5e4][%mdl 32] Hoping for Qe2.} gxf5 27. dxe5 dxe5 28. Qf3 Ng6 29. Bxf5 {[%emt 0:02:10] [#] Threatens to win with Rcd1.} (29. Qxf5 {simplifies} Qxf5 30. Bxf5 cxd5 31. Bxg6 fxg6 32. Rxe5+ Kf7 33. Rf1+) 29... O-O $2 {[%emt 0:01:03] Black cannot hold the game after this.} (29... cxd5 $16 30. Bxg6 (30. Qxd5 Rd8 $11) 30... Qxf3+ 31. Kxf3 fxg6) 30. dxc6 $18 Qg5 {[%emt 0:01:28] ...Nh4+ is the strong threat.} 31. Kh1 {[%emt 0:00:48] Active counter play!} e4 32. Bxe4 ({Don't take} 32. Qxe4 Rae8 33. Qf3 (33. Qxe8 Rxe8 34. Rxe8+ Kg7 $16) 33... Re5 $18) 32... Rad8 33. Rcd1 Rxd1 34. Rxd1 Qe5 (34... Rc8 $142 35. Rf1 Ne5) 35. Rf1 {[%emt 0:01:02] And now Bxg6 would win.} Qe6 (35... Ne7 36. c7 Qxc7) 36. Bf5 {[%emt 0:00:42] White is clearly winning.} Qd6 37. Bxg6 Qxg6 38. Qd5 {[%emt 0:00:40] Weighted Error Value: White=0.29 (precise) /Black=0.36} 1-0

[Event "European Women-ch 2023"]
[Site "Petrovac"]
[Date "2023.03.21"]
[Round "4.24"]
[White "Karaivanova, Petya"]
[Black "Bassari, Senem Gul"]
[Result "1/2-1/2"]
[ECO "B92"]
[WhiteElo "1875"]
[BlackElo "1524"]
[Annotator "NA RC COMBH"]
[PlyCount "72"]
[EventDate "2023.03.15"]
[EventType "swiss"]
[EventCountry "MNE"]
[SourceTitle "playchess.com"]
[Source "ChessBase"]
[SourceQuality "1"]
[TimeControl "40/5400+30:1800+30"]

1. e4 c5 2. Nf3 d6 3. d4 cxd4 4. Nxd4 Nf6 5. Nc3 a6 6. Be3 e5 7. Nb3 Be6 8. Be2 Be7 9. h4 Nc6 10. Nd5 Bxd5 11. exd5 Na5 12. g4 Nxb3 13. axb3 Nd7 14. g5 f5 15. f4 exf4 16. Bxf4 O-O 17. b4 a5 18. bxa5 Rxa5 19. O-O Rxa1 20. Qxa1 Ne5 21. b3 Ng6 22. Qe1 Nxf4 23. Rxf4 Bxg5 24. Rb4 Be3+ 25. Kg2 f4 26. Bf3 Rf6 27. h5 Rf5 28. Bg4 Rg5 29. Kf3 Kf8 30. Rc4 Rxg4 31. Kxg4 Qd7+ 32. Kh4 Qe7+ 33. Kh3 Qd7+ 34. Kh2 Qg4 35. Qxe3 Qh4+ 36. Qh3 Qf2+ 1/2-1/2

[Event "European Women-ch 2023"]
[Site "Petrovac"]
[Date "2023.03.21"]
[Round "4.25"]
[White "Valkova, Angelika"]
[Black "Toncheva, Nadya"]
[Result "0-1"]
[ECO "D27"]
[WhiteElo "2055"]
[BlackElo "2192"]
[Annotator "TA"]
[PlyCount "166"]
[EventDate "2023.03.15"]
[EventType "swiss"]
[EventCountry "MNE"]
[SourceTitle "playchess.com"]
[Source "ChessBase"]
[SourceQuality "1"]
[TimeControl "40/5400+30:1800+30"]

1. d4 d5 2. c4 dxc4 3. Nf3 Nf6 4. e3 e6 5. Bxc4 c5 6. O-O a6 7. dxc5 Qxd1 8. Rxd1 Bxc5 9. Be2 {[%emt 0:00:28] 9.b3 might become the main line.} O-O 10. Nbd2 b6 {[%emt 0:05:55] D27: Queen's Gambit Accepted: Classical main line: 7 e4!? and 7 a4.} 11. Nb3 Be7 12. Ne5 Bb7 {[%emt 0:01:10] The position is equal.} 13. f3 {[%emt 0:01:31] [#]} a5 $146 ({Predecessor:} 13... Rd8 14. Rxd8+ Bxd8 15. e4 Nbd7 16. Nc4 Bc7 17. Be3 Kf8 18. Rd1 Ke7 19. Bd2 Ne8 {½-½ Lafuente,P (2587)-Murali Krishnan,B (2412) Mumbai Mayors Cup 3rd 2010 (5)}) 14. e4 a4 15. Nd4 Rd8 16. Be3 a3 17. b3 Nfd7 18. Nc4 Ba6 19. Nc2 Bxc4 20. Bxc4 ({Don't take} 20. bxc4 Nc6 $14) 20... Rc8 21. Nd4 (21. Rac1 $16) 21... Bc5 22. Kf2 Ne5 23. Bb5 Ra7 (23... Nbc6 $14) 24. h3 ({Better is} 24. Rac1 $16 {Hoping for b4.} Rf8 25. Nc2) 24... h6 (24... Ra5 $1 $14) 25. f4 (25. Rac1 $142 {aiming for b4.} Rac7 26. Ke2) 25... Ng6 26. e5 ({White should try} 26. Rac1 $16 {b4 would be deadly.} Rac7 27. Ke2) 26... Rac7 (26... Ne7 $11 {remains equal.}) 27. Bc4 $16 Rd7 {[%emt 0:04:27] [#] Threatens to win with ...Rcd8.} 28. Nxe6 Bxe3+ 29. Kxe3 Rxc4 30. bxc4 fxe6 31. Rxd7 $1 Nxd7 32. Rd1 Ngf8 33. Rd3 g5 34. g3 ({Don't play} 34. Rxa3 gxf4+ 35. Kxf4 Ng6+ 36. Ke4 Ngxe5 $11) 34... gxf4+ 35. gxf4 Nc5 36. Rxa3 Kf7 37. Ra7+ Ke8 (37... Nfd7 $16 38. a4 Kg6) 38. Kf3 (38. Rg7 $18) 38... Ng6 $1 $14 39. Kg4 Ne7 40. a4 Nf5 {[%emt 0:00:00] [#]} 41. a5 (41. Kh5 $1 $16) 41... bxa5 $11 42. Rxa5 Ne4 43. Ra7 Nf2+ {[%emt 0:01:18] A dynamic duo of knights.} 44. Kf3 Nd3 45. Ra3 Nc5 46. Ra5 Nb3 47. Ra4 Kd7 48. Rb4 Nbd4+ 49. Ke4 Kc6 50. Rb8 Ne2 51. Rc8+ Kd7 52. Rg8 h5 53. Rg2 Nc3+ 54. Kd3 Na4 55. Rg5 Nc5+ 56. Ke2 h4 57. Kf3 Nd3 58. Rg1 Kc6 59. Rg8 Kc5 60. Re8 Kxc4 61. Kg4 Kd5 62. Kg5 Nc5 63. Kf6 Ne3 64. Rh8 Ng2 65. f5 {[%emt 0:01:22] Rd8+ is the strong threat.} Ne4+ {[%emt 0:01:06][%mdl 64] Deflection} 66. Ke7 exf5 67. e6 Ke5 68. Re8 $2 (68. Rh7 $15) 68... Nf4 $1 $19 69. Ra8 Nxe6 70. Ra5+ N6c5 71. Kf7 f4 72. Kg6 f3 73. Kh5 f2 74. Ra1 Nd3 75. Kg4 Ne1 76. Ra5+ Kd4 77. Rf5 Ng2 78. Rf3 Ke5 79. Rf5+ Kd6 80. Rf3 Ke6 81. Rxf2 Nxf2+ 82. Kf3 Nxh3 83. Kg4 Ng5 {[%emt 0:00:21] Quite a comeback for Black.   Weighted Error Value: White=0.15 (very precise) /Black=0.12 (very precise)} 0-1

[Event "European Women-ch 2023"]
[Site "Petrovac"]
[Date "2023.03.21"]
[Round "4.25"]
[White "Kostina, Veronika"]
[Black "Saraci, Rinesa"]
[Result "1/2-1/2"]
[ECO "A13"]
[WhiteElo "1855"]
[BlackElo "1503"]
[Annotator "NA RC COMBH"]
[PlyCount "121"]
[EventDate "2023.03.15"]
[EventType "swiss"]
[EventCountry "MNE"]
[SourceTitle "playchess.com"]
[Source "ChessBase"]
[SourceQuality "1"]
[TimeControl "40/5400+30:1800+30"]

1. Nf3 d5 2. e3 Nf6 3. c4 e6 4. b3 Be7 5. Bb2 O-O 6. Be2 c5 7. O-O Nc6 8. cxd5 Nxd5 9. Nc3 Nxc3 10. Bxc3 b6 11. Qc2 Bb7 12. Rfd1 Rc8 13. Qb2 Bf6 14. Bxf6 Qxf6 15. Qxf6 gxf6 16. d4 cxd4 17. Nxd4 Nxd4 18. Rxd4 Rfd8 19. Rxd8+ Rxd8 20. Rd1 Rc8 21. Bc4 Bd5 22. Bxd5 exd5 23. Kf1 Rc2 24. a4 Rb2 25. Rxd5 Rxb3 26. Ke2 Rb2+ 27. Kf3 a5 28. g4 Rb4 29. Rd4 Rb2 30. h4 h6 31. Kg3 Rb4 32. Kf4 Rb2 33. f3 Kg7 34. Ke4 Rb3 35. f4 b5 36. axb5 Rxb5 37. Ra4 h5 38. Kf3 hxg4+ 39. Kxg4 Kg6 40. e4 f5+ 41. exf5+ Rxf5 42. Ra1 Rb5 43. Ra3 f5+ 44. Kg3 Kh5 45. Kh3 a4 46. Rxa4 Rb3+ 47. Kg2 Kxh4 48. Rd4 Kg4 49. Ra4 Rf3 50. Ra8 Rxf4 51. Rg8+ Kh5 52. Kg3 Rg4+ 53. Rxg4 fxg4 54. Kg2 Kh4 55. Kh2 g3+ 56. Kg2 Kg4 57. Kg1 Kf5 58. Kg2 Kf4 59. Kg1 Kf3 60. Kf1 g2+ 61. Kg1 1/2-1/2

[Event "European Women-ch 2023"]
[Site "Petrovac"]
[Date "2023.03.21"]
[Round "4.26"]
[White "Calzetta Ruiz, Monica"]
[Black "Golsta, Ramona"]
[Result "1/2-1/2"]
[ECO "B30"]
[WhiteElo "2185"]
[BlackElo "1760"]
[Annotator "TA"]
[PlyCount "110"]
[EventDate "2023.03.15"]
[EventType "swiss"]
[EventCountry "MNE"]
[SourceTitle "playchess.com"]
[Source "ChessBase"]
[SourceQuality "1"]
[TimeControl "40/5400+30:1800+30"]

1. e4 c5 2. Nf3 Nc6 3. Nc3 e5 4. Bc4 Be7 5. d3 d6 6. h4 {[%emt 0:04:23] B30: Sicilian: 2...Nc6 3 Bb5, lines without ...g6.} h6 7. Nd5 Nf6 8. c3 O-O 9. h5 Bg4 10. Ne3 Be6 11. Bd5 {[%emt 0:25:17] [#]} Nh7 $146 ({Predecessor:} 11... Qd7 12. Nh4 Bd8 13. Nhf5 Ne7 14. Nxe7+ Bxe7 15. Bxe6 fxe6 16. Ng4 Kh8 17. a4 Rf7 {1-0 Lomasov,S (2525)-Praggnanandhaa,R (2608) Titled Tuesday intern op 02nd Mar blitz 2021 (9)}) 12. O-O Ng5 13. Nh2 Qd7 14. f4 exf4 15. Rxf4 Bf6 (15... Nh7 $15) 16. Nhg4 {[%emt 0:08:30] [#] aiming for Rxf6.} Be5 17. Nxe5 (17. Rf1 {looks sharper.} Rae8 18. Bb3 Ne7 19. Bxe6 Qxe6 20. Nf5) 17... dxe5 18. Rf2 Ne7 19. c4 {[%emt 0:08:22] [#]} f5 20. exf5 {[%emt 0:04:26][%mdl 64] Pin} (20. Bxe6+ {keeps more tension.} Nxe6 21. Nxf5 Rad8 22. Qg4) 20... Bxd5 21. cxd5 Nxd5 (21... Nxf5 $2 22. Qg4 $18) (21... Rad8 $11) 22. Nxd5 $14 Qxd5 23. Bxg5 hxg5 24. Qg4 Qd8 25. Re1 {[%emt 0:00:27] White is more active.} Qd4 (25... Qe7 $14) 26. Re4 (26. Qxg5 $18 {Threatens to win with h6.} Qd8 27. Qg3) 26... Qxd3 27. Rxe5 (27. Re1 $14) 27... Rae8 $11 {[%emt 0:01:11] The position is equal.} 28. Rxe8 (28. Qe2 {simplifies} Qxe2 29. Rfxe2 Rxe5 30. Rxe5 b6 31. Kf2) 28... Rxe8 29. Qxg5 {[%emt 0:00:24][%mdl 4096] Endgame KQR-KQR} Re1+ 30. Kh2 {[%emt 0:00:03] Hoping for f6.} Qd6+ 31. Qf4 Qxf4+ 32. Rxf4 {[%emt 0:00:02] KR-KR} Re2 33. b4 Rxa2 {[%emt 0:00:39] ...Ra4 would be deadly.} 34. bxc5 Rc2 {[%emt 0:00:08] Prevents Rc4} 35. Rb4 Rxc5 36. Rxb7 Rxf5 37. g4 Rf7 38. Rb5 a6 39. Ra5 Ra7 40. Kg3 Kh7 41. g5 Ra8 42. Kf4 Rf8+ 43. Kg4 Rf1 44. Rxa6 Rg1+ 45. Kf5 Rf1+ 46. Ke6 Rh1 47. Kf7 {[%emt 0:04:11][%cal Oa6h6] White wants to mate with Rh6+!} Rf1+ 48. Ke7 Rh1 49. Rg6 Re1+ 50. Re6 Rh1 51. Kf7 {[%emt 0:01:24][%cal Oe6h6] Intending Rh6+! and mate.} Rf1+ 52. Ke7 Rh1 53. h6 gxh6 54. Rxh6+ Rxh6 55. gxh6 Kxh6 {[%emt 0:00:02] Weighted Error Value: White=0.15 (very precise) /Black=0.13 (very precise)} 1/2-1/2

[Event "European Women-ch 2023"]
[Site "Petrovac"]
[Date "2023.03.21"]
[Round "4.26"]
[White "Popovic, Mateja"]
[Black "Recica, Jona"]
[Result "1-0"]
[ECO "D10"]
[WhiteElo "1832"]
[BlackElo "1231"]
[Annotator "NA RC COMBH"]
[PlyCount "163"]
[EventDate "2023.03.15"]
[EventType "swiss"]
[EventCountry "MNE"]
[SourceTitle "playchess.com"]
[Source "ChessBase"]
[SourceQuality "1"]
[TimeControl "40/5400+30:1800+30"]

1. d4 d5 2. c4 c6 3. Nc3 Nf6 4. cxd5 cxd5 5. Bf4 Nc6 6. e3 Bf5 7. Qb3 Na5 8. Qa4+ Bd7 9. Qc2 a6 10. Bd3 e6 11. Nf3 Be7 12. O-O O-O 13. Ne5 b5 14. b3 Rc8 15. Qb2 Nh5 16. Bg3 Nxg3 17. hxg3 f6 18. Nxd7 Qxd7 19. a4 b4 20. Ne2 Qd6 21. Rfd1 Nb7 22. Nf4 a5 23. e4 Kh8 24. e5 Qb6 25. Rac1 fxe5 26. dxe5 Nc5 27. Bb1 Ne4 28. Bxe4 Rxc1 29. Qxc1 dxe4 30. Qc4 g5 31. Qxe6 Qa7 32. Rd7 Qc5 33. Qxe7 Qxe7 34. Rxe7 gxf4 35. gxf4 Rxf4 36. Ra7 e3 37. fxe3 Re4 38. Rxa5 Rxe3 39. Rb5 Rxb3 40. e6 Re3 41. Rxb4 Rxe6 42. a5 Ra6 43. Ra4 Kg7 44. Kf2 h5 45. Ke3 Kf6 46. Kd4 Ke6 47. Kc5 Kd7 48. Kb5 Rg6 49. Ra2 Kc7 50. a6 Kb8 51. Kc5 Ka7 52. Kd5 Rf6 53. Ke5 Rg6 54. Kf4 Rg8 55. Kf3 Rg5 56. Kf2 Rc5 57. Kg3 Rd5 58. Kh4 Rc5 59. Ra3 Rd5 60. Rg3 Kxa6 61. Rg5 Rd8 62. Kxh5 Rh8+ 63. Kg4 Kb6 64. Rd5 Kc6 65. Rd3 Rg8+ 66. Kh3 Rh8+ 67. Kg3 Rg8+ 68. Kh2 Rh8+ 69. Kg1 Rf8 70. g3 Rf5 71. Kg2 Rd5 72. Rf3 Kd6 73. g4 Rg5 74. Kg3 Ke6 75. Kh4 Rg7 76. Kh5 Rf7 77. Re3+ Kf6 78. Kh6 Rf8 79. g5+ Kf7 80. Rf3+ Kg8 81. Rxf8+ Kxf8 82. Kh7 1-0

[Event "European Women-ch 2023"]
[Site "Petrovac"]
[Date "2023.03.21"]
[Round "4.27"]
[White "Berke, Ana"]
[Black "Kulon, Klaudia"]
[Result "1/2-1/2"]
[ECO "B31"]
[WhiteElo "2107"]
[BlackElo "2290"]
[Annotator "TA"]
[PlyCount "94"]
[EventDate "2023.03.15"]
[EventType "swiss"]
[EventCountry "MNE"]
[SourceTitle "playchess.com"]
[Source "ChessBase"]
[SourceQuality "1"]
[TimeControl "40/5400+30:1800+30"]

1. e4 c5 2. Nf3 Nc6 3. Bb5 g6 4. O-O Bg7 5. c3 Nf6 6. Re1 O-O 7. d4 a6 {[%emt 0:00:25] 7...d5 is setting a new trend. B31: Sicilian: 2...Nc6 3 Bb5 g6.} 8. Ba4 b5 9. Bc2 (9. e5 $5 bxa4 10. exf6 exf6 11. dxc5 $14) 9... cxd4 10. cxd4 d5 (10... d6 $5 ) 11. e5 {[%emt 0:03:31] [#]} Ne4 $146 ({Predecessor:} 11... Ng4 12. Nc3 Nh6 13. h3 Na5 14. Nxd5 Bb7 15. Nc3 e6 16. Be4 Bxe4 17. Rxe4 Nf5 {½-½ Strzelczyk,P (1734)-Normann,O (1969) Liberec op 2007 (3)}) 12. Nc3 Bf5 (12... Nxc3 $11 13. bxc3 Bd7) 13. Nxe4 $14 dxe4 14. Bxe4 Bxe4 15. Rxe4 Qd5 16. Re1 Rfd8 17. Be3 Rac8 18. Qb3 Qxb3 19. axb3 Nb4 20. Red1 f6 21. h4 fxe5 (21... Nc2 $1 $11) 22. dxe5 Nc2 23. Rxd8+ ({Better is} 23. Bb6 $1 $14) 23... Rxd8 $11 24. Rxa6 Nxe3 25. fxe3 $14 {[%emt 0:00:37][%mdl 4096] Endgame KRB-KRN} Bh6 $1 26. Kf2 {[%emt 0:06:04] [#] Hoping for Ke2. The position is equal.} Rd3 27. Ng5 Bxg5 28. hxg5 $11 {[%emt 0:00:15] KR-KR} Rd5 29. Kf3 Rxe5 30. Kf4 Rf5+ 31. Kg4 Rf2 32. Rb6 Rxg2+ 33. Kf4 Rf2+ 34. Kg4 Rf5 35. e4 Rc5 36. Kf4 Kf7 37. b4 Rc2 38. Rxb5 Rxb2 39. Ke5 Rb1 40. Kd5 Rd1+ 41. Kc6 Rd4 42. Rb8 {[%emt 0:03:47] [#] And now b5 would win.} Ke6 43. b5 Rc4+ 44. Kb7 Rxe4 45. b6 {[%emt 0:02:32] aiming for Ra8.} Kf5 46. Rh8 {[%emt 0:01:37] Strongly threatening Kc6.} Kxg5 47. Rxh7 e5 {[%emt 0:01:03] Weighted Error Value: White=0.08 (flawless) /Black=0.06 (flawless)} 1/2-1/2